AoeStats
← Hodor

Arabia

511014927Analyzed
1v1 RM · 6h ago on Oct 3, 2026· 49m 3s· 2 players
Game mode
Random Map
Map size
Tiny (2 player)
Population
200
Speed
Normal
Resources
Standard
Victory
Conquest
Starting age
Dark Age
Ending age
Imperial Age
RankedLock teamsTeams togetherTeam positionsShared explorationLock speedFull tech treeHidden civsTurbo modeCheats
Victory
Defeat
🇮🇱 Persians · Israel
1168
+17
🇦🇷 Georgians · Argentina
1189
-17
Snoopy
6:23 Loom
9:09 Feudal Age
9:58 Double-Bit Axe
20:12 Castle Age
18:45 Bloodlines
18:47 Forging
19:54 Horse Collar
20:36 Scale Barding Armor
21:30 Wheelbarrow
22:52 Bow Saw
23:48 Husbandry
26:02 Stone Mining
32:40 Chain Barding Armor
32:20 Scale Mail Armor
34:39 Iron Casting
39:55 Imperial Age
39:22 Fletching
39:32 Padded Archer Armor
40:10 Bodkin Arrow
39:51 Heavy Scorpion
39:53 Heavy Camel Rider
41:39 Blast Furnace
44:51 Plate Barding Armor
46:04 Hand Cart
Hodor
6:21 Loom
9:55 Feudal Age
10:34 Double-Bit Axe
13:50 Horse Collar
20:21 Castle Age
18:28 Padded Archer Armor
18:38 Fletching
18:51 Gold Mining
20:13 Bloodlines
21:07 Bodkin Arrow
21:13 Husbandry
22:15 Bow Saw
26:55 Wheelbarrow
26:06 Town Watch
27:17 Leather Archer Armor
28:25 Ballistics
30:26 Heavy Plow
35:03 Imperial Age
32:28 Stone Mining
33:43 Scale Barding Armor
33:48 Forging
35:00 Chain Barding Armor
36:10 Hand Cart
36:29 Light Cavalry
38:39 Conscription
38:33 Bracer
40:05 Chemistry
39:42 Plate Barding Armor
40:01 Parthian Tactics
38:56 Heavy Cavalry Archer
40:31 Iron Casting
43:02 Blast Furnace
Connection lost

Rejoining the realm…

Still unreachable

The connection could not be restored.

Session expired

The server has moved on; the page needs a fresh start.